[Event "EYCC Girls-U16 2019"]
[Site "Bratislava"]
[Date "2019.08.03"]
[Round "2.19"]
[White "Ciolacu, Alessia-Mihaela"]
[Black "Dejanovic, Tereza"]
[Result "1/2-1/2"]
[ECO "D35"]
[WhiteElo "2199"]
[BlackElo "1834"]
[Annotator "ChessBase"]
[PlyCount "164"]
[EventDate "2019.08.02"]
[EventType "swiss"]
[EventCountry "SVK"]
[SourceTitle "playchess.com"]
[Source "ChessBase"]
[SourceQuality "1"]
[TimeControl "40/5400+30:1800+30"]

1. d4 d5 2. c4 e6 3. Nc3 Nf6 4. cxd5 exd5 5. Bg5 Be7 6. e3 h6 7. Bh4 O-O 8. Bd3 b6 9. Rc1 Bb7 10. Nf3 c5 11. O-O Nbd7 12. Qe2 Re8 13. Rfd1 a6 14. dxc5 bxc5 15. Bf5 g6 16. Bc2 Qb6 17. Bb3 c4 18. Ba4 Bc6 19. Bxc6 Qxc6 20. b3 Ba3 21. Rc2 cxb3 22. axb3 Rec8 23. Nd4 Qb7 24. Bxf6 Nxf6 25. Qd3 Ne4 26. Na4 Rab8 27. Ra1 Rxc2 28. Qxc2 Rc8 29. Qd1 Bd6 30. Rc1 Be5 31. Ne2 Rb8 32. f3 Nf6 33. Rb1 Qa7 34. Qd3 Re8 35. Kf2 Bd6 36. Nd4 Re7 37. Nc6 Qb7 38. Nxe7+ Bxe7 39. Rc1 Nd7 40. Qc3 Nf8 41. Nb2 Qb6 42. Nd3 Bf6 43. Qb4 Qe6 44. Nf4 Qe5 45. Qc5 d4 46. Qxe5 Bxe5 47. Rc6 dxe3+ 48. Kxe3 a5 49. Ke4 Nd7 50. Rc8+ Kg7 51. Rd8 f5+ 52. Kd5 Bxf4 53. Rxd7+ Kf6 54. g3 Bd2 55. Kc4 Bb4 56. Rb7 Bd2 57. Rd7 Bb4 58. Kb5 f4 59. Ra7 fxg3 60. hxg3 Be1 61. Rxa5 Bxg3 62. Kc6 h5 63. b4 h4 64. b5 h3 65. Ra7 Kg5 66. b6 h2 67. Ra1 Kf4 68. Rf1 Ke3 69. b7 Ke2 70. Ra1 Kxf3 71. Ra3+ Kf2 72. Ra1 Kg2 73. Ra2+ Kh3 74. Ra1 Kg2 75. Ra2+ Kh3 76. Ra1 g5 77. Kd7 g4 78. Ra3 h1=Q 79. Rxg3+ Kxg3 80. b8=Q+ Kh3 81. Qh8+ Kg2 82. Qa8+ Kh2 1/2-1/2

[Event "EYCC Girls-U16 2019"]
[Site "Bratislava"]
[Date "2019.08.03"]
[Round "2.20"]
[White "Garau, Francesca"]
[Black "Lehaci, Miruna-Daria"]
[Result "0-1"]
[ECO "C07"]
[WhiteElo "1835"]
[BlackElo "2201"]
[Annotator "NA"]
[PlyCount "70"]
[EventDate "2019.08.02"]
[EventType "swiss"]
[EventCountry "SVK"]
[SourceTitle "playchess.com"]
[Source "ChessBase"]
[SourceQuality "1"]
[TimeControl "40/5400+30:1800+30"]

1. e4 e6 2. d4 d5 3. Nd2 c5 4. c3 Nc6 5. Ngf3 Bd6 6. Bd3 Nge7 7. O-O cxd4 8. cxd4 Bc7 9. e5 Ng6 10. Nb3 O-O 11. Ng5 h6 12. Nf3 Qe8 13. g4 f6 14. Qc2 Nb4 15. Qxc7 Nxd3 16. Qc3 fxe5 17. Nxe5 Ngxe5 18. dxe5 Qg6 19. f3 Rxf3 20. Rxf3 Qxg4+ 21. Rg3 Qd1+ 22. Kg2 Qe2+ 23. Kh3 Nf2+ 24. Kh4 Qe4+ 25. Kh5 Bd7 26. Rxg7+ Kxg7 27. Qg3+ Kh7 28. Qf4 Qg6+ 29. Kh4 Rg8 30. h3 Nd3 31. Qe3 Be8 32. Qxh6+ Qxh6+ 33. Bxh6 Kxh6 34. Nd4 Nf4 35. Rf1 Ng2# 0-1

[Event "EYCC Girls-U16 2019"]
[Site "Bratislava"]
[Date "2019.08.04"]
[Round "3.1"]
[White "Dylag, Emilia"]
[Black "Getman, Tatyana"]
[Result "1/2-1/2"]
[ECO "B20"]
[WhiteElo "2099"]
[BlackElo "2143"]
[Annotator "NA"]
[PlyCount "81"]
[EventDate "2019.08.02"]
[EventType "swiss"]
[EventCountry "SVK"]
[SourceTitle "playchess.com"]
[Source "ChessBase"]
[SourceQuality "1"]
[TimeControl "40/5400+30:1800+30"]

1. e4 c5 2. Ne2 Nf6 3. Nbc3 d6 4. g3 Nc6 5. Bg2 g6 6. O-O Bg7 7. d3 O-O 8. h3 Bd7 9. f4 Rb8 10. g4 b5 11. Ng3 b4 12. Nce2 a5 13. a4 Ne8 14. f5 Nc7 15. g5 Nd4 16. Nxd4 Bxd4+ 17. Kh1 Bc6 18. Qg4 Qd7 19. Qh4 Be5 20. f6 Ne8 21. Ne2 Qd8 22. fxe7 Qxe7 23. Nf4 Nc7 24. Nd5 Nxd5 25. exd5 Bd7 26. Bf4 Bxb2 27. Rae1 Be5 28. Bxe5 dxe5 29. Rf6 Rfd8 30. d6 Qf8 31. Rxe5 Be8 32. Bd5 Rxd6 33. Rxe8 Rxe8 34. Rxf7 Qxf7 35. Bxf7+ Kxf7 36. Qf2+ Kg8 37. Qxc5 Rde6 38. Qd5 Kh8 39. Qd4+ Re5 40. h4 Kg8 41. Qc4+ 1/2-1/2

[Event "EYCC Girls-U16 2019"]
[Site "Bratislava"]
[Date "2019.08.04"]
[Round "3.2"]
[White "Waszczuk, Patrycja"]
[Black "Jarocka, Liwia"]
[Result "1-0"]
[ECO "A00"]
[WhiteElo "2119"]
[BlackElo "2102"]
[Annotator "NA"]
[PlyCount "119"]
[EventDate "2019.08.02"]
[EventType "swiss"]
[EventCountry "SVK"]
[SourceTitle "playchess.com"]
[Source "ChessBase"]
[SourceQuality "1"]
[TimeControl "40/5400+30:1800+30"]

1. e3 d5 2. b3 Nf6 3. Bb2 Nbd7 4. f4 c6 5. Nf3 Nc5 6. Be2 g6 7. O-O Bg7 8. c4 O-O 9. Ne5 Nfd7 10. d4 Ne4 11. Nc3 Nxc3 12. Bxc3 Nf6 13. Bf3 Bf5 14. g4 Be4 15. Be2 Nd7 16. Nf3 c5 17. Rc1 dxc4 18. dxc5 Bxc3 19. Rxc3 cxb3 20. axb3 Nf6 21. Ne5 Qa5 22. Qa1 Qc7 23. g5 Nd7 24. Ng4 f6 25. Qa4 Bd5 26. e4 Bf7 27. gxf6 Nxf6 28. Ne5 Kg7 29. Nxf7 Rxf7 30. Qc4 e5 31. f5 Rd8 32. Rd3 Rxd3 33. Bxd3 Qe7 34. Be2 Nd7 35. b4 a5 36. c6 bxc6 37. bxa5 Qa3 38. fxg6 Rxf1+ 39. Kxf1 hxg6 40. Qxc6 Nc5 41. Qc7+ Kh6 42. Qxe5 Qxa5 43. Qh8+ Kg5 44. Qe5+ Kh6 45. h4 Kh7 46. Bc4 Qa7 47. Qd5 Qa1+ 48. Kg2 Na4 49. e5 Qb2+ 50. Kg3 Qc3+ 51. Kg4 Kh6 52. e6 Nb6 53. Qg5+ Kg7 54. Qe7+ Kh6 55. Qf8+ Kh7 56. Qf7+ Kh6 57. Qf4+ Kh7 58. e7 Qe1 59. Qf7+ Kh6 60. Qf8+ 1-0

[Event "EYCC Girls-U16 2019"]
[Site "Bratislava"]
[Date "2019.08.04"]
[Round "3.3"]
[White "Marcinczyk, Monika"]
[Black "Malicka, Maria"]
[Result "1/2-1/2"]
[ECO "C60"]
[WhiteElo "1960"]
[BlackElo "2115"]
[Annotator "NA"]
[PlyCount "99"]
[EventDate "2019.08.02"]
[EventType "swiss"]
[EventCountry "SVK"]
[SourceTitle "playchess.com"]
[Source "ChessBase"]
[SourceQuality "1"]
[TimeControl "40/5400+30:1800+30"]

1. e4 e5 2. Nf3 Nc6 3. Bb5 Nge7 4. O-O g6 5. c3 a6 6. Ba4 Bg7 7. d4 exd4 8. cxd4 b5 9. Bb3 O-O 10. Bg5 h6 11. Be3 Na5 12. a4 Bb7 13. Nbd2 d5 14. e5 Nc4 15. Qc2 Nf5 16. Bxc4 dxc4 17. Ne4 Bd5 18. Nfd2 f6 19. exf6 Bxf6 20. Ng3 Bg7 21. Nxf5 gxf5 22. Bf4 Qh4 23. Be5 Qg5 24. f3 Bxe5 25. dxe5 Qe3+ 26. Kh1 Qxe5 27. Rfe1 Qf6 28. Nf1 Rae8 29. Ne3 c6 30. axb5 axb5 31. Qd2 Rd8 32. Qb4 Rfe8 33. Re2 Qd6 34. Qc3 Qe5 35. Nxd5 Qxd5 36. Rae1 Rxe2 37. Rxe2 Qd4 38. Qe1 Qd1 39. Re8+ Kg7 40. Re7+ Kg6 41. Re6+ Kg5 42. h4+ Kf4 43. Qxd1 Rxd1+ 44. Kh2 Rd2 45. Rxh6 c5 46. Rc6 Rxb2 47. h5 Kg5 48. h6 Rd2 49. Rxc5 Kxh6 50. Rxb5 1/2-1/2

[Event "EYCC Girls-U16 2019"]
[Site "Bratislava"]
[Date "2019.08.04"]
[Round "3.4"]
[White "Duran, Esma Doga"]
[Black "Hryzlova, Sofiia"]
[Result "0-1"]
[ECO "A90"]
[WhiteElo "2096"]
[BlackElo "1799"]
[Annotator "NA"]
[PlyCount "56"]
[EventDate "2019.08.02"]
[EventType "swiss"]
[EventCountry "SVK"]
[SourceTitle "playchess.com"]
[Source "ChessBase"]
[SourceQuality "1"]
[TimeControl "40/5400+30:1800+30"]

1. d4 e6 2. c4 f5 3. g3 Nf6 4. Bg2 c6 5. Nf3 d5 6. O-O Bd6 7. Bf4 Be7 8. Nc3 O-O 9. Bxb8 Rxb8 10. Ne5 Nd7 11. Nxd7 Qxd7 12. c5 e5 13. e3 f4 14. dxe5 fxe3 15. Qd4 exf2+ 16. Rxf2 Qg4 17. Rf4 Rxf4 18. gxf4 Be6 19. Rf1 Rf8 20. Rf3 Qh4 21. Qe3 Bg4 22. Rg3 Bh5 23. Rh3 Qg4 24. Kh1 Rxf4 25. Rxh5 d4 26. Qh3 dxc3 27. bxc3 Qd1+ 28. Bf1 Rxf1+ 0-1

[Event "EYCC Girls-U16 2019"]
[Site "Bratislava"]
[Date "2019.08.04"]
[Round "3.5"]
[White "Kuhar, Larisa"]
[Black "Ilyina, Lada"]
[Result "1-0"]
[ECO "B06"]
[WhiteElo "1894"]
[BlackElo "2048"]
[Annotator "NA"]
[PlyCount "57"]
[EventDate "2019.08.02"]
[EventType "swiss"]
[EventCountry "SVK"]
[SourceTitle "playchess.com"]
[Source "ChessBase"]
[SourceQuality "1"]
[TimeControl "40/5400+30:1800+30"]

1. e4 g6 2. d4 Bg7 3. Nc3 a6 4. Be2 d6 5. h4 h5 6. a3 Nc6 7. Be3 Nf6 8. Nf3 Bg4 9. Ng5 Bxe2 10. Qxe2 Ng4 11. O-O-O e5 12. dxe5 Bxe5 13. Nd5 Nxe3 14. Qxe3 O-O 15. f4 Bg7 16. f5 Ne7 17. fxg6 Nxd5 18. gxf7+ Rxf7 19. exd5 Bh6 20. Kb1 Qe7 21. Qb3 Bxg5 22. hxg5 Qxg5 23. Qxb7 Raf8 24. Qxa6 Rf2 25. Qc4 R8f7 26. g3 Rg2 27. Rhf1 Rg7 28. Qe4 Qe7 29. Qxg2 1-0

[Event "EYCC Girls-U16 2019"]
[Site "Bratislava"]
[Date "2019.08.04"]
[Round "3.6"]
[White "Sade, Defne"]
[Black "Hercog, Nusa"]
[Result "1/2-1/2"]
[ECO "B40"]
[WhiteElo "1897"]
[BlackElo "2053"]
[Annotator "NA"]
[PlyCount "75"]
[EventDate "2019.08.02"]
[EventType "swiss"]
[EventCountry "SVK"]
[SourceTitle "playchess.com"]
[Source "ChessBase"]
[SourceQuality "1"]
[TimeControl "40/5400+30:1800+30"]

1. e4 c5 2. Nf3 e6 3. d4 cxd4 4. Nxd4 Nf6 5. Nc3 Nc6 6. Be2 Bb4 7. O-O Bxc3 8. bxc3 Nxe4 9. Bd3 d5 10. Nxc6 bxc6 11. Bxe4 dxe4 12. Qg4 O-O 13. Rd1 e5 14. Qh5 Qf6 15. Ba3 Re8 16. Rd6 Be6 17. Re1 Rad8 18. Qd1 Rxd6 19. Qxd6 Bxa2 20. Qxf6 gxf6 21. Rxe4 f5 22. Ra4 Rd8 23. h3 Rd2 24. Ra5 Bd5 25. c4 Bxc4 26. Rxe5 Rxc2 27. Rxf5 Kg7 28. Be7 h6 29. Bc5 Kg6 30. g4 Be6 31. Rh5 f5 32. Be3 fxg4 33. Rxh6+ Kf7 34. hxg4 Bxg4 35. Rh7+ Ke6 36. Rxa7 c5 37. Ra1 c4 38. Rc1 1/2-1/2

[Event "EYCC Girls-U16 2019"]
[Site "Bratislava"]
[Date "2019.08.04"]
[Round "3.7"]
[White "Krasteva, Beloslava"]
[Black "Esadze, Tamari"]
[Result "1-0"]
[ECO "D35"]
[WhiteElo "2327"]
[BlackElo "1997"]
[Annotator "NA"]
[PlyCount "121"]
[EventDate "2019.08.02"]
[EventType "swiss"]
[EventCountry "SVK"]
[SourceTitle "playchess.com"]
[Source "ChessBase"]
[SourceQuality "1"]
[TimeControl "40/5400+30:1800+30"]

1. d4 d5 2. c4 e6 3. Nc3 Nf6 4. cxd5 exd5 5. Bg5 Be7 6. e3 O-O 7. Bd3 h6 8. Bh4 Re8 9. Nge2 Nbd7 10. Qc2 c6 11. O-O Ne4 12. Bxe7 Qxe7 13. Bxe4 dxe4 14. d5 Nf6 15. dxc6 bxc6 16. Na4 Ba6 17. Rfe1 Bd3 18. Qc5 Qc7 19. Nf4 Ng4 20. h3 Ne5 21. Qc3 Rad8 22. Nc5 g5 23. Nh5 Qe7 24. Ng3 Rd5 25. Ncxe4 Bxe4 26. Nxe4 Rd3 27. Qc2 Red8 28. Red1 f5 29. Nc3 Qd6 30. Rxd3 Qxd3 31. Qxd3 Rxd3 32. Rd1 Rxd1+ 33. Nxd1 Kf7 34. Kf1 Ke6 35. Ke2 Kd5 36. Nc3+ Kd6 37. Nb1 Kd5 38. Nd2 Ng6 39. f3 a6 40. g3 Kd6 41. f4 Kd5 42. Kd3 gxf4 43. exf4 h5 44. Nf3 Ne7 45. Ne5 Nc8 46. Nc4 Ne7 47. Ne3+ Ke6 48. Kd4 Ng6 49. g4 hxg4 50. hxg4 Nxf4 51. gxf5+ Kf6 52. b4 Ne2+ 53. Kc5 Nc3 54. a3 Nb5 55. a4 Nc3 56. a5 Na2 57. Nc2 Kxf5 58. Kxc6 Ke4 59. b5 axb5 60. a6 Kd3 61. a7 1-0

[Event "EYCC Girls-U16 2019"]
[Site "Bratislava"]
[Date "2019.08.04"]
[Round "3.8"]
[White "Lehaci, Miruna-Daria"]
[Black "Muedder, Melanie"]
[Result "1-0"]
[ECO "D02"]
[WhiteElo "2201"]
[BlackElo "1905"]
[Annotator "NA"]
[PlyCount "65"]
[EventDate "2019.08.02"]
[EventType "swiss"]
[EventCountry "SVK"]
[SourceTitle "playchess.com"]
[Source "ChessBase"]
[SourceQuality "1"]
[TimeControl "40/5400+30:1800+30"]

1. d4 d5 2. Nf3 c6 3. c4 dxc4 4. e4 b5 5. a4 Nf6 6. e5 Nd5 7. Nc3 b4 8. Ne4 Bf5 9. Ng3 Bg6 10. Bxc4 e6 11. O-O Be7 12. Qe2 O-O 13. a5 c5 14. dxc5 Bxc5 15. Bg5 Qc7 16. Ne4 h6 17. Bd2 Be7 18. Rfc1 Qb7 19. Bb3 Na6 20. Bc2 Rac8 21. Bd3 Nac7 22. Nd4 b3 23. Nc6 Bb4 24. a6 Qb6 25. Nxb4 Nxb4 26. Bxb4 Qxb4 27. Nd6 Qd4 28. Bxg6 fxg6 29. Nxc8 Rxc8 30. Rc4 Qb6 31. Qe3 Qb5 32. Rac1 Qxa6 33. Qc3 1-0

[Event "EYCC Girls-U16 2019"]
[Site "Bratislava"]
[Date "2019.08.04"]
[Round "3.9"]
[White "Bardorz, Jana"]
[Black "Djidjeli, Sarah"]
[Result "0-1"]
[ECO "B32"]
[WhiteElo "1883"]
[BlackElo "2017"]
[Annotator "NA"]
[PlyCount "110"]
[EventDate "2019.08.02"]
[EventType "swiss"]
[EventCountry "SVK"]
[SourceTitle "playchess.com"]
[Source "ChessBase"]
[SourceQuality "1"]
[TimeControl "40/5400+30:1800+30"]

1. e4 c5 2. Nf3 Nc6 3. d4 cxd4 4. Nxd4 e5 5. Nb5 d6 6. c4 Be7 7. N1c3 a6 8. Na3 Nf6 9. Nc2 O-O 10. Be2 Be6 11. O-O Rc8 12. Be3 Na5 13. b3 b5 14. Nd5 Bxd5 15. exd5 bxc4 16. b4 Nb7 17. Na3 a5 18. Nxc4 axb4 19. Rb1 Nc5 20. Rxb4 Qc7 21. f3 Rb8 22. a3 Ncd7 23. Qd2 Rxb4 24. axb4 Qb7 25. Rd1 Rb8 26. b5 Qxb5 27. Nxe5 Qb3 28. Nc6 Re8 29. Qd3 Qxd3 30. Rxd3 Bd8 31. Nxd8 Rxd8 32. Rd1 h6 33. f4 Re8 34. Kf2 Ne4+ 35. Kf3 Nc3 36. Rd3 Nxe2 37. Kxe2 Nf6 38. Kf3 Rb8 39. Bc1 Kf8 40. Ba3 Ke7 41. g4 Rb5 42. g5 hxg5 43. fxg5 Nxd5 44. Ke4 Ke6 45. h4 Rb1 46. Kf3 Ke5 47. Kf2 Rh1 48. Kg3 Ke4 49. Rd2 Ne3 50. Re2 d5 51. Bd6 d4 52. Bc5 g6 53. Bb6 Kd3 54. Ra2 Nf5+ 55. Kf2 Rh2+ 0-1

[Event "EYCC Girls-U16 2019"]
[Site "Bratislava"]
[Date "2019.08.04"]
[Round "3.10"]
[White "Mikic, Ivana"]
[Black "Radikovic, Anamarija"]
[Result "1/2-1/2"]
[ECO "B53"]
[WhiteElo "1884"]
[BlackElo "2021"]
[Annotator "NA"]
[PlyCount "78"]
[EventDate "2019.08.02"]
[EventType "swiss"]
[EventCountry "SVK"]
[SourceTitle "playchess.com"]
[Source "ChessBase"]
[SourceQuality "1"]
[TimeControl "40/5400+30:1800+30"]

1. e4 c5 2. Nf3 d6 3. d4 cxd4 4. Qxd4 Nc6 5. Bb5 Bd7 6. Bxc6 Bxc6 7. c4 Nf6 8. Nc3 g6 9. Be3 Bg7 10. Qd3 O-O 11. O-O a6 12. Rab1 b5 13. Nd4 bxc4 14. Nxc6 cxd3 15. Nxd8 Rfxd8 16. Bg5 Kf8 17. Rfd1 Nd7 18. Nd5 f6 19. Be3 Rdc8 20. f3 Rab8 21. Rxd3 Ne5 22. Ra3 Nc4 23. Rxa6 f5 24. Nb6 Rxb6 25. Bxb6 Nxb6 26. b3 Rc2 27. Rd1 Bh6 28. Rd3 Nd7 29. b4 Ne5 30. Rb3 Nc4 31. Rb1 Ne3 32. b5 Rxg2+ 33. Kh1 Bf4 34. b6 Rxh2+ 35. Kg1 Rg2+ 36. Kh1 fxe4 37. fxe4 Rh2+ 38. Kg1 Rg2+ 39. Kh1 Rh2+ 1/2-1/2

[Event "EYCC Girls-U16 2019"]
[Site "Bratislava"]
[Date "2019.08.04"]
[Round "3.11"]
[White "Afanasieva, Alexandra"]
[Black "Pecorini, Angie"]
[Result "1-0"]
[ECO "B53"]
[WhiteElo "2085"]
[BlackElo "1781"]
[Annotator "NA"]
[PlyCount "49"]
[EventDate "2019.08.02"]
[EventType "swiss"]
[EventCountry "SVK"]
[SourceTitle "playchess.com"]
[Source "ChessBase"]
[SourceQuality "1"]
[TimeControl "40/5400+30:1800+30"]

1. e4 c5 2. Nf3 d6 3. d4 cxd4 4. Qxd4 a6 5. h3 Nc6 6. Qe3 g6 7. c4 Bg7 8. Be2 f5 9. exf5 Bxf5 10. O-O Nb4 11. Na3 e5 12. c5 b5 13. Rd1 d5 14. Nxe5 Qe7 15. f4 g5 16. Bh5+ Kf8 17. Re1 Bxe5 18. fxe5 Nd3 19. Rf1 Nf4 20. Rxf4 gxf4 21. Qxf4 Qe6 22. Nc2 Ne7 23. Nd4 Qc8 24. g4 Ng6 25. Qh6+ 1-0

[Event "EYCC Girls-U16 2019"]
[Site "Bratislava"]
[Date "2019.08.04"]
[Round "3.12"]
[White "Srdanovic, Jovana"]
[Black "Czarnecka, Lidia"]
[Result "1/2-1/2"]
[ECO "D43"]
[WhiteElo "1975"]
[BlackElo "1731"]
[Annotator "NA"]
[PlyCount "81"]
[EventDate "2019.08.02"]
[EventType "swiss"]
[EventCountry "SVK"]
[SourceTitle "playchess.com"]
[Source "ChessBase"]
[SourceQuality "1"]
[TimeControl "40/5400+30:1800+30"]

1. d4 d5 2. c4 c6 3. Nc3 Nf6 4. Nf3 e6 5. Bg5 Be7 6. e3 Nbd7 7. Bd3 dxc4 8. Bxc4 b5 9. Bd3 a6 10. Bxf6 Nxf6 11. a4 Bb7 12. O-O O-O 13. Ne4 Nd5 14. Qb3 Nb4 15. Rfc1 Qd5 16. Qd1 Rfd8 17. Nc3 Qd6 18. Ne5 f5 19. Be2 c5 20. axb5 cxd4 21. exd4 a5 22. Nc4 Qxd4 23. Qxd4 Rxd4 24. Nxa5 Rb8 25. Bc4 Kf7 26. Ne2 Rd6 27. Nxb7 Rxb7 28. Rd1 Rbb6 29. Nc3 Kf6 30. Na4 Rb8 31. Rxd6 Bxd6 32. Rd1 Ke7 33. b6 Nc6 34. Re1 e5 35. Rc1 Nd4 36. Kf1 Kd7 37. Bd5 Rc8 38. Rd1 Rc2 39. b3 g5 40. b7 Kc7 41. h3 1/2-1/2

[Event "EYCC Girls-U16 2019"]
[Site "Bratislava"]
[Date "2019.08.04"]
[Round "3.13"]
[White "Gombocz, Zsofia"]
[Black "Siekanska, Zuzanna"]
[Result "0-1"]
[ECO "B40"]
[WhiteElo "1981"]
[BlackElo "1570"]
[Annotator "NA"]
[PlyCount "120"]
[EventDate "2019.08.02"]
[EventType "swiss"]
[EventCountry "SVK"]
[SourceTitle "playchess.com"]
[Source "ChessBase"]
[SourceQuality "1"]
[TimeControl "40/5400+30:1800+30"]

1. e4 c5 2. Nf3 e6 3. c4 Nc6 4. Nc3 Nf6 5. Be2 b6 6. O-O Bb7 7. d4 cxd4 8. Nxd4 Qb8 9. Be3 Bd6 10. f4 Nxd4 11. Qxd4 e5 12. Qd2 O-O 13. f5 Bb4 14. Bf3 Bxe4 15. a3 Bxf3 16. axb4 Bb7 17. Bg5 Ne4 18. Nxe4 Bxe4 19. f6 Qc7 20. Rac1 Rfe8 21. h4 Re6 22. Qe2 Bb7 23. Qf2 d6 24. Qg3 Qc6 25. Be3 g6 26. Rc2 Kf8 27. b3 Ke8 28. Rd2 Qe4 29. Bg5 Rd8 30. Re1 Qc6 31. h5 Kd7 32. hxg6 hxg6 33. Qh4 Kc7 34. Qh7 Qe8 35. Qh4 Qh8 36. g3 Qe8 37. Qh7 Rd7 38. Qg7 Qc8 39. b5 Re8 40. Rh2 Rg8 41. Qh7 Qe8 42. Qh4 Qe6 43. Qh3 Qe8 44. Qh4 Rd8 45. Qg4 Rh8 46. Rh4 Rxh4 47. Qxh4 Qd7 48. g4 Rh8 49. Qg3 Kb8 50. Kf2 Qc7 51. Be3 Qd8 52. Bg5 Rh7 53. Ke2 Qh8 54. Kd1 Rh3 55. Qf2 Rxb3 56. Qd2 Kc7 57. Kc2 Rg3 58. Re2 Qh3 59. Be3 Qxg4 60. Kc3 Qf4 0-1

[Event "EYCC Girls-U16 2019"]
[Site "Bratislava"]
[Date "2019.08.04"]
[Round "3.14"]
[White "Donghvani, Nia"]
[Black "Khachatryan, Veronika"]
[Result "0-1"]
[ECO "A34"]
[WhiteElo "1864"]
[BlackElo "1870"]
[Annotator "NA"]
[PlyCount "74"]
[EventDate "2019.08.02"]
[EventType "swiss"]
[EventCountry "SVK"]
[SourceTitle "playchess.com"]
[Source "ChessBase"]
[SourceQuality "1"]
[TimeControl "40/5400+30:1800+30"]

1. c4 Nf6 2. Nc3 c5 3. g3 d5 4. cxd5 Nxd5 5. Bg2 Nc7 6. Nf3 Nc6 7. d3 e5 8. b3 Be7 9. Bb2 O-O 10. O-O Rb8 11. Rc1 f6 12. Qd2 Ne6 13. e3 Qe8 14. Ne2 Qh5 15. Rfd1 Rd8 16. Qc3 Nb4 17. Ra1 Nf8 18. Kh1 Bg4 19. Neg1 Bf5 20. e4 Bg4 21. Rd2 Rd7 22. h3 Rbd8 23. Nh4 Be6 24. Bf3 Qf7 25. Be2 Ng6 26. Ng2 b5 27. Ne3 c4 28. bxc4 bxc4 29. Nf5 Nxd3 30. Nxe7+ Nxe7 31. Bxd3 Rxd3 32. Rxd3 Rxd3 33. Qb4 Nc6 34. Qa4 Qd7 35. Ba3 Nd4 36. Qb4 Rxa3 37. Qxa3 Nc2 0-1

[Event "EYCC Girls-U16 2019"]
[Site "Bratislava"]
[Date "2019.08.04"]
[Round "3.15"]
[White "Dubovyk, Anastasiia"]
[Black "Moerwald, Magdalena"]
[Result "1-0"]
[ECO "B10"]
[WhiteElo "1824"]
[BlackElo "1869"]
[Annotator "NA"]
[PlyCount "79"]
[EventDate "2019.08.02"]
[EventType "swiss"]
[EventCountry "SVK"]
[SourceTitle "playchess.com"]
[Source "ChessBase"]
[SourceQuality "1"]
[TimeControl "40/5400+30:1800+30"]

1. e4 c6 2. Nf3 d5 3. Nc3 dxe4 4. Nxe4 Nd7 5. Bc4 e6 6. Qe2 Ndf6 7. Ng3 Nd5 8. d4 Ngf6 9. O-O Bd6 10. Ne5 O-O 11. a3 Qc7 12. Bd3 b5 13. c3 a6 14. h4 c5 15. h5 Nd7 16. f4 f6 17. Qe4 f5 18. Qe2 Nxe5 19. dxe5 Be7 20. c4 Nb6 21. Be3 Bb7 22. b3 bxc4 23. bxc4 Rad8 24. Bc2 Qc6 25. Rf2 Bh4 26. Kh2 a5 27. Bd3 Rd7 28. Qc2 Rfd8 29. Be2 g6 30. Kh3 Bxg3 31. Kxg3 Rg7 32. h6 Rgd7 33. Bf3 Qc8 34. Bxb7 Rxb7 35. Rb1 Qc6 36. Rd2 Rxd2 37. Qxd2 Rd7 38. Rxb6 Rxd2 39. Rxc6 Rd3 40. Kf3 1-0

[Event "EYCC Girls-U16 2019"]
[Site "Bratislava"]
[Date "2019.08.04"]
[Round "3.16"]
[White "Lukacs, Anna Kata"]
[Black "Yedigaryan, Asya"]
[Result "0-1"]
[ECO "B10"]
[WhiteElo "1907"]
[BlackElo "1583"]
[Annotator "NA"]
[PlyCount "72"]
[EventDate "2019.08.02"]
[EventType "swiss"]
[EventCountry "SVK"]
[SourceTitle "playchess.com"]
[Source "ChessBase"]
[SourceQuality "1"]
[TimeControl "40/5400+30:1800+30"]

1. e4 c6 2. c4 d5 3. exd5 cxd5 4. cxd5 Nf6 5. Nc3 Nxd5 6. Bc4 Nb6 7. Bb3 Nc6 8. Nf3 e6 9. d4 Be7 10. O-O O-O 11. a3 Bf6 12. Be3 Ne7 13. Bc2 Ng6 14. Ne4 Be7 15. Qe2 Bd7 16. Ne5 Nd5 17. Qh5 Nf6 18. Nxf6+ Bxf6 19. f4 Rc8 20. Be4 Rc7 21. Rf3 Bxe5 22. Rh3 h6 23. fxe5 Be8 24. Qg4 f5 25. exf6 Rxf6 26. Rd1 Rd7 27. Rf3 Ne5 28. dxe5 Rxd1+ 29. Kf2 Rxf3+ 30. gxf3 Qe7 31. f4 Rd8 32. f5 exf5 33. Qxf5 Qh4+ 34. Kf3 Qh5+ 35. Kf4 Qxh2+ 36. Kf3 Bh5+ 0-1

[Event "EYCC Girls-U16 2019"]
[Site "Bratislava"]
[Date "2019.08.04"]
[Round "3.17"]
[White "Ozbek, Busra"]
[Black "Ciolacu, Alessia-Mihaela"]
[Result "1-0"]
[ECO "C77"]
[WhiteElo "1866"]
[BlackElo "2199"]
[Annotator "NA"]
[PlyCount "103"]
[EventDate "2019.08.02"]
[EventType "swiss"]
[EventCountry "SVK"]
[SourceTitle "playchess.com"]
[Source "ChessBase"]
[SourceQuality "1"]
[TimeControl "40/5400+30:1800+30"]

1. e4 e5 2. Nf3 Nc6 3. Bb5 a6 4. Ba4 Nf6 5. Bxc6 dxc6 6. d3 Bd6 7. Nbd2 Be6 8. b3 Nd7 9. Bb2 f6 10. Qe2 Qe7 11. a3 Bg4 12. h3 Bh5 13. Nf1 Bf7 14. Ne3 g6 15. Nd2 Bc5 16. O-O O-O-O 17. b4 Bd4 18. c3 Bxe3 19. Qxe3 c5 20. d4 exd4 21. cxd4 cxd4 22. Bxd4 Ne5 23. Rac1 Rhe8 24. Rfd1 Nc6 25. Bc5 Qe5 26. a4 Rd7 27. b5 Nb8 28. Rc2 Red8 29. f4 Qe6 30. Rdc1 Rd3 31. Ba7 c6 32. Qe2 Be8 33. Nc4 Kc7 34. Bb6+ Kc8 35. Bxd8 Rxd8 36. Nb6+ Kc7 37. Nd5+ Kd7 38. bxc6+ Nxc6 39. Rd2 Kc8 40. Qe3 Kb8 41. Re1 Bf7 42. Rb2 Rd7 43. Qc3 f5 44. Nb6 Rd4 45. e5 Rxf4 46. Rd2 Be8 47. a5 Re4 48. Red1 Ka7 49. Rd8 Nxa5 50. Nc8+ Kb8 51. Nd6+ Ka7 52. Qc5+ 1-0

[Event "EYCC Girls-U16 2019"]
[Site "Bratislava"]
[Date "2019.08.04"]
[Round "3.18"]
[White "Kaygisiz, Ilayda"]
[Black "Eizaguerri Floris, Maria"]
[Result "0-1"]
[ECO "C00"]
[WhiteElo "1775"]
[BlackElo "2099"]
[Annotator "NA"]
[PlyCount "102"]
[EventDate "2019.08.02"]
[EventType "swiss"]
[EventCountry "SVK"]
[SourceTitle "playchess.com"]
[Source "ChessBase"]
[SourceQuality "1"]
[TimeControl "40/5400+30:1800+30"]

1. e4 e6 2. c4 c5 3. Nf3 Nc6 4. d4 cxd4 5. Nxd4 Nf6 6. Nc3 Bb4 7. f3 d5 8. cxd5 exd5 9. Bb5 O-O 10. O-O dxe4 11. Nxc6 bxc6 12. Qxd8 Rxd8 13. Bxc6 Ba6 14. Bxa8 Bc5+ 15. Kh1 Rxa8 16. Bg5 Bxf1 17. Rxf1 exf3 18. gxf3 Bd4 19. Na4 h6 20. Rd1 Be5 21. Be3 Re8 22. Rd3 Rc8 23. f4 Bb8 24. Nc3 Ng4 25. Bg1 Re8 26. Kg2 Bxf4 27. Bxa7 Ne5 28. Rd5 Nc4 29. Rd4 Ne3+ 30. Kf3 g5 31. Re4 Rxe4 32. Nxe4 Nc4 33. b4 f5 34. Ng3 Kh7 35. b5 Kg6 36. a4 h5 37. Bc5 h4 38. Nf1 Ne5+ 39. Kg2 Nd7 40. Bb4 g4 41. a5 Bb8 42. Ne3 h3+ 43. Kh1 Kg5 44. b6 f4 45. Be7+ Kh5 46. Nd5 g3 47. hxg3 fxg3 48. Ne3 Bf4 49. Nd5 g2+ 50. Kg1 Be5 51. Ne3 Bd4 0-1

[Event "EYCC Girls-U16 2019"]
[Site "Bratislava"]
[Date "2019.08.04"]
[Round "3.19"]
[White "Loskutova, Viktoriya"]
[Black "Korenova, Simona"]
[Result "1-0"]
[ECO "B90"]
[WhiteElo "2019"]
[BlackElo "1764"]
[Annotator "NA"]
[PlyCount "89"]
[EventDate "2019.08.02"]
[EventType "swiss"]
[EventCountry "SVK"]
[SourceTitle "playchess.com"]
[Source "ChessBase"]
[SourceQuality "1"]
[TimeControl "40/5400+30:1800+30"]

1. e4 c5 2. Nf3 d6 3. d4 cxd4 4. Nxd4 Nf6 5. Nc3 a6 6. f3 e5 7. Nb3 Be6 8. Be3 Nbd7 9. Qd2 Be7 10. O-O-O O-O 11. g4 b5 12. Kb1 Nb6 13. g5 Ne8 14. Nd5 Na4 15. h4 Nc5 16. Na5 Rc8 17. h5 f5 18. Bh3 fxe4 19. Bxc5 Bxh3 20. Bb6 Bxg5 21. Bxd8 Bxd2 22. Rxd2 Rxd8 23. Rxh3 exf3 24. Rf2 e4 25. Rh4 Nf6 26. Nxf6+ Rxf6 27. Rxe4 Rdf8 28. Kc1 Rh6 29. Kd2 Rxh5 30. Ke3 Rhf5 31. Nc6 R5f7 32. Nd4 h6 33. Rxf3 Kh7 34. Re6 Rxf3+ 35. Nxf3 Rd8 36. Kf4 Rf8+ 37. Kg4 h5+ 38. Kg3 Rd8 39. Ng5+ Kg8 40. Kh4 Kf8 41. Kxh5 Rc8 42. Kg6 d5 43. Nh7+ Kg8 44. Rxa6 Rd8 45. Ng5 1-0